 Dungeon Crawl Stone Soup version 0.30-a0-364-gf6b3ef1049 (webtiles) character file.

Game seed: 3157568122674567554

490 retardedninja the Trooper (level 7, 0/55 (61) HPs)
             Began as a Hill Orc Fighter on Nov 15, 2022.
             Slain by a wight
             ... wielding a +1 great sword of electrocution
              (9 damage)
             ... on level 6 of the Dungeon.
             The game lasted 00:06:31 (4643 turns).

retardedninja the Trooper (Hill Orc Fighter)        Turns: 4643, Time: 00:06:32

HP:   0/55 (61)     AC: 11    Str: 21    XL:     7   Next: 14%
MP:   7/7           EV:  6    Int:  8    God:
Gold: 183           SH: 12    Dex: 10    Spells: 6/6 levels left

rFire   . . .      SeeInvis .    a - +0 war axe
rCold   . . .      Faith    .    n - +0 tower shield
rNeg    . . .      Spirit   .    b - +0 scale mail
rPois   .          Reflect  .    m - +0 helmet
rElec   .          Harm     .    o - +0 cloak
rCorr   .          Rampage  .    (no gloves)
Will    .....                    t - +0 pair of boots
Stlth   ..........               (no amulet)
HPRegen 0.29/turn                (no ring)
MPRegen 0.10/turn                (no ring)

@: drained
A: no striking features
a: no special abilities


You were on level 6 of the Dungeon.
You visited 1 branch of the dungeon, and saw 6 of its levels.

You collected 183 gold pieces.

Inventory:

Hand Weapons
 a - a +0 war axe (weapon)
Missiles
 f - 8 boomerangs (quivered)
Armour
 b - a +0 scale mail (worn)
 m - a +0 helmet (worn)
 n - a +0 tower shield (worn)
 o - a +0 cloak (worn)
 t - a +0 pair of boots (worn)
Wands
 d - a wand of flame (21)
 s - a wand of roots (4)
Scrolls
 c - a scroll of brand weapon {unknown}
 e - a scroll of noise {unknown}
 g - 2 scrolls of teleportation {unknown}
 j - a scroll of immolation {unknown}
 q - a scroll of enchant weapon {unknown}
 v - a scroll of enchant armour {unknown}
 w - 3 scrolls of magic mapping {unknown}
 y - a scroll of torment {unknown}
 z - a scroll of poison {unknown}
 A - a scroll of identify
Potions
 h - a potion of attraction
 i - a potion of curing
 k - a potion of flight {unknown}
 l - a potion of cancellation {unknown}
 p - 2 potions of mutation {unknown}
 r - a potion of lignification {unknown}
 u - a potion of berserk rage {unknown}
 x - a potion of brilliance {unknown}


   Skills:
 + Level 5.6 Fighting
 + Level 5.4 Axes
 + Level 5.1 Armour
 + Level 5.1 Shields


You had 6 spell levels left.
You didn't know any spells.
Your spell library contained the following spells:

 Spells                   Type           Power      Damage    Failure   Level
 Shock                    Conj/Air       0%         1d3       100%        1
 Swiftness                Air            0%         N/A       100%        3
 Airstrike                Air            0%         2d(0-16)  100%        4


Dungeon Overview and Level Annotations

Branches:
Dungeon (6/15)
 Temple: D:4-7

Altars:

Shops:
D:3 :


Message History

The wight barely misses you.
You barely miss the wight.
The wight is almost destroyed.
The wight hits you with a +0 war axe. x2; You feel drained.
You hit the wight.
You destroy the wight!
Your life force feels restored.
z - a scroll labelled GUTIAKH VIDUGANNI You now have 183 gold pieces (gained 32).
Things that are here:
a +0 war axe; a +0 robe A wight comes into view.
It is wielding a +1 great sword of electrocution.
You see here a scroll of identify.
You see here a scroll of identify.
A - a scroll of identify Welcome back, retardedninja the Hill Orc Fighter.
Press ? for a list of commands and other information.
You block the wight's attack.
You slash the wight!
The wight is heavily damaged.
A wight comes into view. It is wielding a +0 spear.
You block the wight's attack. x2
You hit the wight but do no damage.
The wight is heavily damaged.
You block the wight's attack.
The wight hits you with a +1 great sword of electrocution!
You feel drained.
You barely miss the wight.
The wight is heavily damaged.
The wight hits you with a +1 great sword of electrocution!
You block the wight's attack.
You hit the wight but do no damage.
The wight is moderately damaged.
The wight hits you from afar with a +0 spear.
You feel drained.
The wight hits you with a +1 great sword of electrocution.
You feel drained.
You are electrocuted!
* * * LOW HITPOINT WARNING * * *
The wight hits you with a +1 great sword of electrocution!
You die...

#.#.#.#
#.#.#.#
#.....# #
##.....##
##.##.......##
.......[....<#
.#.##.z.....##
##.....##
#.z@..#
##....#
...###.# ####
.## #


You could see 2 wights.

Vanquished Creatures
  An ice beast (D:6)
  An ogre (D:4)
  A scorpion (D:4)
  A wight (D:6)
  An iguana (D:3)
  An orc wizard (D:3)
  Robin (D:2)
  6 adders
  3 dart slugs
  4 orcs
  4 endoplasms
  3 giant cockroaches
  19 goblins
  14 hobgoblins
  3 quokkas
  11 ball pythons
  3 bats
  4 frilled lizards
  5 kobolds
  8 rats
94 creatures vanquished.

Notes
Turn   | Place    | Note
-------+----------+-------------------------------------------
     0 | D:1      | retardedninja the Hill Orc Fighter began the quest for the
                  | Orb.
     0 | D:1      | Reached XP level 1. HP: 19/19 MP: 1/1
   147 | D:1      | Reached XP level 2. HP: 27/27 MP: 2/2
   156 | D:1      | Found a faded altar of an unknown god.
   506 | D:1      | Reached XP level 3. HP: 29/33 MP: 3/3
   929 | D:2      | Noticed Robin
   940 | D:2      | Killed Robin
  1087 | D:2      | Reached XP level 4. HP: 40/40 MP: 4/4
  1879 | D:3      | Reached XP level 5. HP: 20/47 MP: 5/5
  2492 | D:3      | Found Rockierch's Book Shoppe.
  3165 | D:4      | Reached skill level 5 in Fighting
  3165 | D:4      | Reached XP level 6. HP: 46/56 MP: 6/6
  3599 | D:4      | Reached skill level 5 in Axes
  4264 | D:5      | Entered Level 5 of the Dungeon
  4265 | D:5      | Noticed an ice beast
  4297 | D:6      | Killed an ice beast
  4298 | D:6      | Reached skill level 5 in Armour
  4298 | D:6      | Reached skill level 5 in Shields
  4298 | D:6      | Reached XP level 7. HP: 13/61 MP: 7/7
  4643 | D:6      | Slain by a wight

Illustrated notes

Levels and vault maps discovered:
D:1:      dpeg_arrival_morbid_curiosity, layout_basic,
          chequers_ecumenical_altar_simple
D:2:      layout_loops_ring, kennysheep_donut, uniq_robin
D:3:      layout_basic, serial_shops, shop
D:4:      layout_loops_ring, grunt_ministairs_4
D:5:      layout_loops_ring, temple_hall, serial_shops, shop_fountains
D:6:      layout_loops_ring, kennysheep_generic_room_3

Skill      XL: |  1  2  3  4  5  6 |
---------------+-------------------+-----
Axes           | 3 4 5 |  5.4
Fighting       | 4 5 |  5.6
Armour         | 4 5 |  5.1
Shields        | 4 5 |  5.1

Action                   |  1- 3 |  4- 6 |  7- 9 || total
-------------------------+-------+-------+-------++-------
Melee: War axe           |    87 |   171 |    10 ||   268
Throw: Boomerang         |       |    19 |       ||    19
  Use: Potion            |       |     5 |       ||     5
       Scroll            |       |     2 |       ||     2
Armor: Scale mail        |    44 |   102 |     1 ||   147
Dodge: Dodged            |    49 |    45 |     2 ||    96
Block: Buckler           |    21 |    16 |       ||    37
       Tower shield      |       |    85 |     6 ||    91

Table legend: (Time is in decaauts)
 A = Elapsed time spent in this place.
 B = Non-inter-level travel time spent in this place.
 C = Inter-level travel time spent in this place.
 D = Time resting spent in this place.
 E = Time spent auto-exploring this place.
 F = Levels seen in this place.
 G = Mean time per level.
                   A        B        C        D        E       F      G
               +--------+--------+--------+--------+--------+-----+--------+
         Total |   4790 |   4547 |    243 |   1030 |   2696 |   6 |  798.3 |
       Dungeon |   4790 |   4547 |    243 |   1030 |   2696 |   6 |  798.3 |
               +--------+--------+--------+--------+--------+-----+--------+

Top non-repeatable levels by time:
     D:4: 1408 daAuts
     D:3: 1312 daAuts
     D:1: 865 daAuts
     D:2: 804 daAuts
     D:6: 392 daAuts
     D:5: 6 daAuts
